 Dungeon Crawl Stone Soup version 0.27.1-35-g4d5d836560 (webtiles) character file.

Game seed: 17366912172925518785

151 cbfl8 the Sneak (level 5, -5/43 (47) HPs)
             Began as a Minotaur Delver on Mar 17, 2022.
             Was an Initiate of Yredelemnul.
             Slain by a necrophage (7 damage)
             ... in the Ecumenical Temple.
             The game lasted 00:01:14 (785 turns).

cbfl8 the Sneak (Minotaur Delver)                    Turns: 785, Time: 00:01:15

HP:   -5/43 (47)    AC:  3    Str: 16    XL:     5   Next: 11%
MP:   4/4           EV: 12    Int:  7    God:    Yredelemnul [......]
Gold: 67            SH:  0    Dex: 13    Spells: 4/4 levels left

rFire    . . .     SeeInvis .   a - +0 hand axe
rCold    . . .     Faith    .   (no shield)
rNeg     . . .     Spirit   .   b - +0 leather armour
rPois    .         Reflect  .   (helmet restricted)
rElec    .         Harm     .   (no cloak)
rCorr    .         Rampage  .   (no gloves)
Will     .....                  (no boots)
Stlth    +++.......             (no amulet)
HPRegen  0.14/turn              (no ring)
MPRegen  0.09/turn              (no ring)

@: drained
A: horns 2, retaliatory headbutt
a: Renounce Religion


You were in the Ecumenical Temple.
You worshipped Yredelemnul.
Yredelemnul was noncommittal.
You visited 2 branches of the dungeon, and saw 2 of its levels.

You collected 67 gold pieces.

Inventory:

Hand Weapons
 a - a +0 hand axe (weapon)
Armour
 b - a +0 leather armour (worn)
Jewellery
 f - a ring of see invisible
Wands
 g - a wand of digging (3)
Scrolls
 d - a scroll of magic mapping
 e - a scroll of fear


   Skills:
 + Level 4.4 Fighting
 + Level 3.0 Axes
 + Level 1.4 Armour
 + Level 2.7 Dodging
 + Level 5.3 Stealth


You had 4 spell levels left.
You didn't know any spells.
Your spell library was empty.

Dungeon Overview and Level Annotations

Branches:
Dungeon (5/15)             Temple (1/1) D:5

Altars:
Cheibriados
Dithmenos
Fedhas
Hepliaklqana
Nemelex Xobeh
Ru
Sif Muna
Trog
Vehumet
Wu Jian
Yredelemnul
Zin


Innate Abilities, Weirdness & Mutations

You have a pair of horns on your head.
You reflexively headbutt those who attack you in melee.


Message History

The necrophage is almost destroyed.
You hit the necrophage but do no damage.
The necrophage closely misses you. The necrophage hits you.
* * * LOW HITPOINT WARNING * * *
You barely miss the necrophage. You headbutt the necrophage.
You destroy the necrophage!
Yredelemnul accepts your kill.
You hit the necrophage. The necrophage misses you.
Your life force feels restored.
Your Axes skill increases to level 3!
Your Armour skill increases to level 1!
You have reached level 4!
You feel agile.
You have reached level 5!
Found a sacrificial altar of Ru and a blossoming altar of Fedhas.
Found a snail-covered altar of Cheibriados.
Okay, then.
As you read the scroll labelled FEAN XOTZEUBRA, it crumbles to dust.
You hear a loud clanging noise!
It was a scroll of noise.
The necrophage hits you.
* * * LOW HITPOINT WARNING * * *
You feel drained.
* * * LOW HITPOINT WARNING * * *
You aren't carrying any potions.
As you read the scroll of fog, it crumbles to dust.
The scroll dissolves into smoke.
The necrophage closely misses you.
You barely miss the necrophage.
The necrophage is lightly damaged.
The necrophage barely misses you. You furiously retaliate!
You headbutt the necrophage! You hit the necrophage.
The necrophage is heavily damaged.
The necrophage hits you.
* * * LOW HITPOINT WARNING * * *
You feel drained.
* * * LOW HITPOINT WARNING * * *
You hit the necrophage.
The necrophage is severely damaged.
The necrophage hits you!
You die...
Your body rises from the dead as a mindless zombie.

.....⌠...⌠.........._...
........................
........................
...⌠...<...⌠........._..
........................
........................
.....§§§§§.........._...
......§n§§.........
.....§§@§§........
.....§§§§........
.....§§§§.......
...............
..._......._...
......._.......
##...........##
#############


You could see a necrophage.

Vanquished Creatures
  A necrophage (Temple)
  A water moccasin skeleton (D:5)
  2 adders (D:5)
4 creatures vanquished.

Notes
Turn   | Place    | Note
-------+----------+-------------------------------------------
     0 | D:5      | cbfl8 the Minotaur Delver began the quest for the Orb.
     0 | D:5      | Reached XP level 1. HP: 19/19 MP: 0/0
    37 | D:5      | Reached XP level 2. HP: 1/27 MP: 1/1
    37 | D:5      | Reached XP level 3. HP: 2/33 MP: 2/2
    49 | D:5      | Noticed an ogre
    74 | D:5      | Found a staircase to the Ecumenical Temple.
    83 | Temple   | Entered the Ecumenical Temple
   364 | Temple   | Became a worshipper of Yredelemnul the Dark
   394 | D:5      | Noticed a necrophage
   400 | D:5      | Reached skill level 5 in Stealth
   400 | D:5      | Noticed a necrophage
   775 | Temple   | Killed a necrophage
   776 | Temple   | Reached skill level 1 in Armour
   776 | Temple   | Reached XP level 4. HP: 8/41 MP: 3/3
   776 | Temple   | Reached XP level 5. HP: 10/47 MP: 4/4
   784 | Temple   | HP: 2/43 [necrophage (1)]
   785 | Temple   | Slain by a necrophage

Illustrated notes

Levels and vault maps discovered:
D:5:      layout_cave_pools, minmay_temple_entry_junction_2,
          uniq_prince_ribbit1, uniq_blork_the_orc
Temple:   compressed_dpeg_circular_temple

Skill      XL: |  1  2  3 |
---------------+----------+-----
Fighting       | 4 |  4.4
Stealth        | 5 |  5.3
Axes           | 3 |  3.0
Armour         | 1 |  1.4
Dodging        | |  2.7

Action                   |  1- 3 |  4- 6 || total
-------------------------+-------+-------++-------
Melee: Hand axe          |    20 |     3 ||    23
       Headbutt          |     5 |       ||     5
  Use: Potion            |     1 |       ||     1
       Scroll            |       |     2 ||     2
Armor: Leather armour    |     9 |       ||     9
Dodge: Dodged            |    23 |     2 ||    25
